Philadelphia Flyers vs Tampa Bay Lightning
(R1)
Created - Saturday, February 10, 2024 at 07:55
Goals
|
| Philadelphia Flyers |
0 |
1 |
0 |
0 |
0 |
1 |
| Tampa Bay Lightning |
1 |
0 |
0 |
0 |
1 |
2 |
|
Shots
|
| Philadelphia Flyers |
9 |
11 |
12 |
0 |
3 |
32 |
| Tampa Bay Lightning |
13 |
6 |
7 |
3 |
2 |
29 |
|
1st period
1. Tampa Bay Lightning , Travis Konecny 5 (Johnny Gaudreau 8, Anze Kopitar 6) at 15:43
Penalties :
Radek Faksa (PHI) for Holding (Minor) at 1:08, Oliver Ekman-Larsson (PHI) for Hooking (Minor) at 3:57, Max Pacioretty (PHI) for Hooking (Minor) at 6:52
2nd period
2. Philadelphia Flyers , Max Pacioretty 2 (Vladimir Tarasenko 2, Elias Lindholm 5) at 2:42
Penalties :
Hampus Lindholm (TBL) for Hooking (Minor) at 2:47, Darnell Nurse (TBL) for Boarding (Minor) at 12:11, Travis Konecny (TBL) for Hooking (Minor) at 15:42
3rd period
No Goal
Penalties :
Gustav Nyquist (TBL) for Holding (Minor) at 3:31, Darnell Nurse (TBL) for Goalie Interference (Minor) at 8:04, Ryan Graves (TBL) for Tripping (Minor) at 11:55, Hampus Lindholm (TBL) for Slashing (Minor) at 15:06
Overtime #1
No Goal
Penalties :
No Penalty
Shootout
Philadelphia Flyers, Auston Matthews - Stopped by Filip Gustavsson
Tampa Bay Lightning, Gustav Nyquist - Goal!
Philadelphia Flyers, Matt Duchene - Stopped by Filip Gustavsson
Tampa Bay Lightning, Kirill Kaprizov - Shot Misses the Net
Philadelphia Flyers, Max Pacioretty - Stopped by Filip Gustavsson
Penalties :
No Penalty
Goalie Stats
Connor Ingram (PHI), 28 saves from 29 shots - (0.966), OTL, 3-0-2, 65:00 minutes
Filip Gustavsson (TBL), 31 saves from 32 shots - (0.969), W, 5-0-0, 65:00 minutes
Players Stats for Philadelphia Flyers
Player Name G A P +/- PIM S H SB GA TA FO MP PP MP PK MP
------------------------------------------------------------------------------------
Artem Zub 0 0 0 0 0 4 4 1 0 1 0/0 17:37 0:00 2:52
Auston Matthews 0 0 0 0 0 0 0 0 2 0 5/15 19:36 7:14 0:50
Ben Chiarot 0 0 0 0 0 0 1 0 0 0 0/0 20:16 0:00 3:05
Bryan Rust 0 0 0 0 0 1 0 0 0 1 0/0 11:34 0:00 2:55
Elias Lindholm 0 1 1 0 0 2 2 0 0 0 10/21 20:41 6:39 3:18
Erik Gustafsson 0 0 0 0 0 2 0 0 1 0 0/0 20:12 7:27 0:00
Jesper Fast 0 0 0 0 0 2 1 0 2 0 1/1 14:11 0:00 3:02
Justin Faulk 0 0 0 0 0 0 5 1 0 1 0/0 27:47 6:26 2:52
Marcus Johansson 0 0 0 0 0 3 1 0 0 0 0/1 18:52 6:35 0:00
Matt Duchene 0 0 0 0 0 1 2 1 0 0 1/1 18:38 7:14 0:00
Matt Roy 0 0 0 0 0 0 2 5 0 0 0/0 23:24 7:27 3:05
Matthew Peca 0 0 0 0 0 1 2 1 0 0 6/9 11:07 0:00 0:00
Max Pacioretty 1 0 1 0 2 3 1 0 1 0 1/1 17:46 7:14 0:00
Oliver Ekman-Larsson 0 0 0 0 2 1 0 0 0 1 0/0 20:43 6:26 0:00
Radek Faksa 0 0 0 0 2 2 0 0 0 0 5/10 12:46 0:00 1:49
Sonny Milano 0 0 0 0 0 4 1 0 1 0 0/0 11:07 0:00 0:00
Tyler Johnson 0 0 0 0 0 3 0 0 1 0 1/1 12:00 0:04 0:00
Vladimir Tarasenko 0 1 1 0 0 3 2 0 0 0 0/1 15:43 6:39 0:00
Players Stats for Tampa Bay Lightning
Player Name G A P +/- PIM S H SB GA TA FO MP PP MP PK MP
------------------------------------------------------------------------------------
Anze Kopitar 0 1 1 1 0 1 2 1 0 3 22/42 26:07 3:13 7:30
Blake Lizotte 0 0 0 0 0 0 0 0 0 0 0/0 0:14 0:00 0:14
Darnell Nurse 0 0 0 0 4 0 0 1 0 1 0/0 26:44 1:56 5:31
Dylan Cozens 0 0 0 0 0 5 1 1 0 0 2/5 21:07 0:03 5:31
Gustav Nyquist 0 0 0 -1 2 0 2 1 0 0 0/0 13:57 0:03 1:34
Hampus Lindholm 0 0 0 0 4 2 3 0 0 1 0/0 23:08 1:56 2:25
Johnny Gaudreau 0 1 1 1 0 3 0 1 1 0 0/0 16:14 3:13 0:00
Kirill Kaprizov 0 0 0 0 0 3 0 1 1 0 0/0 11:59 2:41 0:44
Logan Couture 0 0 0 -1 0 1 0 0 0 0 4/9 22:32 2:41 7:30
Michael Matheson 0 0 0 0 0 0 2 3 0 0 0/0 22:12 4:01 1:33
Moritz Seider 0 0 0 0 0 1 2 1 0 0 0/0 26:09 4:01 5:43
Roope Hintz 0 0 0 -1 0 3 2 0 0 1 0/1 16:08 2:41 0:00
Ryan Graves 0 0 0 0 2 1 0 0 0 0 0/0 14:11 0:00 4:38
Tomas Hertl 0 0 0 0 0 2 0 0 0 0 3/3 10:14 0:00 0:00
Travis Konecny 1 0 1 1 2 3 0 0 1 0 0/0 20:42 3:13 4:43
Trevor Moore 0 0 0 0 0 1 2 0 0 0 0/1 8:58 0:00 0:00
Tyler Toffoli 0 0 0 0 0 0 0 0 1 0 0/0 6:59 0:03 0:00
Vladislav Gavrikov 0 0 0 0 0 3 0 1 0 2 0/0 18:25 0:00 7:56
3 Stars
1 - Filip Gustavsson (TBL)
2 - Connor Ingram (PHI)
3 - Anze Kopitar (TBL)
Power Play
Philadelphia Flyers - 0 on 7 Attempt(s) - 0.00%
Tampa Bay Lightning - 0 on 3 Attempt(s) - 0.00%
Penalty Kill
Philadelphia Flyers - 3 on 3 Attempt(s) - 100.00%
- Score 0 goal in Penalty Kill
Tampa Bay Lightning - 7 on 7 Attempt(s) - 100.00%
- Score 0 goal in Penalty Kill
Team Stat
Philadelphia Flyers - Hits : 24 - Faceoff Wins : 30 - Blocked Shots : 9 - Penalty Minutes : 6
Tampa Bay Lightning - Hits : 16 - Faceoff Wins : 31 - Blocked Shots : 11 - Penalty Minutes : 14
Official
Referees : Trevor Hanson and Steve Kozari
Linesman : Brad Kovachik and Shane Heyer
Game Notes
0:50 of 1st overtime period - Tampa Bay Lightning goal is going for a video replay. After video review, No Goal. The puck has entered the net after making contact with an attacking player’s stick that is above the height of the crossbar.
Finance
Level 1 -- Attendance: 5718 (95.30%) -- Ticket Income $543,210
Level 2 -- Attendance: 4537 (90.74%) -- Ticket Income $249,535
Level 3 -- Attendance: 2762 (92.07%) -- Ticket Income $88,384
Level 4 -- Attendance: 5000 (100.00%) -- Ticket Income $110,000
Luxury Box -- Attendance: 942 (94.20%) -- Ticket Income $181,806
Game was played at the Tampa Bay Times Forum.
Total Attendance: 18959 (94.80%)
Total Ticket Income: $1,172,935
Other Income: $410,527
Total Income: $1,583,462
Philadelphia Flyers
5 vs 5 Forward
Center Left Wing Right Wing Time % Phy DF OF
1 Auston Matthews Matt Duchene Bryan Rust 25 0 2 3
2 Elias Lindholm Max Pacioretty Vladimir Tarasenko 25 0 2 3
3 Radek Faksa Marcus Johansson Tyler Johnson 25 0 2 3
4 Matthew Peca Jesper Fast Sonny Milano 25 0 2 3
5 vs 5 Defense
Defense Defense Time % Phy DF OF
1 Justin Faulk Ben Chiarot 35 1 2 2
2 Oliver Ekman-Larsson Artem Zub 35 1 2 2
3 Erik Gustafsson Matt Roy 30 1 2 2
4 Justin Faulk Ben Chiarot 0 1 2 2
PowerPlay Forward
Center Left Wing Right Wing Time % Phy DF OF
1 Auston Matthews Max Pacioretty Matt Duchene 50 0 1 4
2 Elias Lindholm Marcus Johansson Vladimir Tarasenko 50 0 1 4
PowerPlay Defense
Defense Defense Time % Phy DF OF
1 Justin Faulk Oliver Ekman-Larsson 50 0 2 3
2 Erik Gustafsson Matt Roy 50 0 2 3
Penalty Kill 4 Players Forward
Center Wing Time % Phy DF OF
1 Radek Faksa Bryan Rust 50 0 4 1
2 Elias Lindholm Jesper Fast 50 0 4 1
Penalty Kill 4 Players Defense
Defense Defense Time % Phy DF OF
1 Ben Chiarot Matt Roy 50 0 5 0
2 Artem Zub Justin Faulk 50 0 5 0
Penalty Kill - 3 Players Forward
Forward Time % Phy DF OF
1 Radek Faksa 50 0 5 0
2 Elias Lindholm 50 0 5 0
Penalty Kill - 3 Players Defense
Defense Defense Time % Phy DF OF
1 Ben Chiarot Matt Roy 50 0 5 0
2 Artem Zub Justin Faulk 50 0 5 0
4 vs 4 Forward
Center Wing Time % Phy DF OF
1 Auston Matthews Matt Duchene 50 0 2 3
2 Elias Lindholm Max Pacioretty 50 0 2 3
4 vs 4 Defense
Defense Defense Time % Phy DF OF
1 Justin Faulk Ben Chiarot 50 1 2 2
2 Oliver Ekman-Larsson Artem Zub 50 1 2 2
Last Minutes Offensive
Center Left Wing Right Wing Defense Defense
Auston Matthews Elias Lindholm Matt Duchene Justin Faulk Oliver Ekman-Larsson
Last Minutes Defensive
Center Left Wing Right Wing Defense Defense
Elias Lindholm Radek Faksa Bryan Rust Ben Chiarot Matt Roy
Goaltenders
Starting : Connor Ingram
Backup : Jake Allen
Extra Forwards
Normal : Auston Matthews, Elias Lindholm, Matt Duchene - PP : Auston Matthews, Elias Lindholm - PK : Elias Lindholm
Extra Defensemen
Normal : Justin Faulk, Oliver Ekman-Larsson, Erik Gustafsson - PP : Justin Faulk - PK : Ben Chiarot, Matt Roy
Penalty Shots
Auston Matthews, Matt Duchene, Max Pacioretty, Elias Lindholm, Vladimir Tarasenko
Tampa Bay Lightning
5 vs 5 Forward
Center Left Wing Right Wing Time % Phy DF OF
1 Anze Kopitar Johnny Gaudreau Travis Konecny 35 0 2 3
2 Logan Couture Roope Hintz Gustav Nyquist 30 0 2 3
3 Tomas Hertl Dylan Cozens Kirill Kaprizov 20 0 1 4
4 Dylan Cozens Trevor Moore Tyler Toffoli 15 0 2 3
5 vs 5 Defense
Defense Defense Time % Phy DF OF
1 Darnell Nurse Michael Matheson 40 0 3 2
2 Moritz Seider Hampus Lindholm 40 0 3 2
3 Vladislav Gavrikov Ryan Graves 20 0 4 1
4 Darnell Nurse Hampus Lindholm 0 0 3 2
PowerPlay Forward
Center Left Wing Right Wing Time % Phy DF OF
1 Anze Kopitar Johnny Gaudreau Travis Konecny 65 0 1 4
2 Logan Couture Roope Hintz Kirill Kaprizov 35 0 1 4
PowerPlay Defense
Defense Defense Time % Phy DF OF
1 Moritz Seider Michael Matheson 65 1 2 2
2 Darnell Nurse Hampus Lindholm 35 1 2 2
Penalty Kill 4 Players Forward
Center Wing Time % Phy DF OF
1 Anze Kopitar Logan Couture 55 1 4 0
2 Dylan Cozens Travis Konecny 45 1 4 0
Penalty Kill 4 Players Defense
Defense Defense Time % Phy DF OF
1 Vladislav Gavrikov Darnell Nurse 55 1 4 0
2 Ryan Graves Moritz Seider 45 1 4 0
Penalty Kill - 3 Players Forward
Forward Time % Phy DF OF
1 Anze Kopitar 50 1 4 0
2 Logan Couture 50 1 4 0
Penalty Kill - 3 Players Defense
Defense Defense Time % Phy DF OF
1 Vladislav Gavrikov Darnell Nurse 50 0 5 0
2 Ryan Graves Moritz Seider 50 0 5 0
4 vs 4 Forward
Center Wing Time % Phy DF OF
1 Anze Kopitar Dylan Cozens 55 0 2 3
2 Logan Couture Tomas Hertl 45 0 3 2
4 vs 4 Defense
Defense Defense Time % Phy DF OF
1 Darnell Nurse Hampus Lindholm 55 0 3 2
2 Moritz Seider Michael Matheson 45 0 3 2
Last Minutes Offensive
Center Left Wing Right Wing Defense Defense
Anze Kopitar Kirill Kaprizov Travis Konecny Darnell Nurse Hampus Lindholm
Last Minutes Defensive
Center Left Wing Right Wing Defense Defense
Anze Kopitar Kirill Kaprizov Travis Konecny Darnell Nurse Hampus Lindholm
Goaltenders
Starting : Filip Gustavsson
Backup : Jeremy Swayman
Extra Forwards
Normal : Trevor Moore, Roope Hintz, Johnny Gaudreau - PP : Roope Hintz, Dylan Cozens - PK : Gustav Nyquist
Extra Defensemen
Normal : Moritz Seider, Darnell Nurse, Vladislav Gavrikov - PP : Ryan Graves - PK : Hampus Lindholm, Michael Matheson
Penalty Shots
Gustav Nyquist, Kirill Kaprizov, Logan Couture, Trevor Moore, Anze Kopitar
% Time on Ice - Philadelphia Flyers
Lines # - Real PCT - Wanted PCT - Time Play
Normal Forward
1 - 23% - 25% - 9:19
2 - 22% - 25% - 8:54
3 - 27% - 25% - 10:50
4 - 28% - 25% - 11:07
Normal Defense
1 - 36% - 35% - 14:34
2 - 38% - 35% - 15:21
3 - 26% - 30% - 10:15
4 - 0% - 0% - 0:00
PP Forward
1 - 52% - 50% - 7:14
2 - 48% - 50% - 6:39
PP Defense
1 - 46% - 50% - 6:26
2 - 54% - 50% - 7:27
PK Forward
1 - 49% - 50% - 2:55
2 - 51% - 50% - 3:02
PK Defense
1 - 52% - 50% - 3:05
2 - 48% - 50% - 2:52
PK3 Forward
1 - 0% - 50%
2 - 0% - 50%
PK3 Defense
1 - 0% - 50%
2 - 0% - 50%
44 Forward
1 - 57% - 50% - 2:50
2 - 43% - 50% - 2:10
44 Defense
1 - 54% - 50% - 2:41
2 - 46% - 50% - 2:19
Last Minute Offensive - 0:00
Last Minute Defensive - 0:00
Total
Forward - 65:00
Defense - 65:00
|
% Time on Ice - Tampa Bay Lightning
Lines # - Real PCT - Wanted PCT - Time Play
Normal Forward
1 - 32% - 35% - 13:02
2 - 30% - 30% - 11:54
3 - 21% - 20% - 8:34
4 - 17% - 15% - 6:40
Normal Defense
1 - 39% - 40% - 15:44
2 - 37% - 40% - 15:03
3 - 20% - 20% - 8:13
4 - 3% - 0% - 1:10
PP Forward
1 - 55% - 65% - 3:16
2 - 45% - 35% - 2:41
PP Defense
1 - 68% - 65% - 4:01
2 - 32% - 35% - 1:56
PK Forward
1 - 59% - 55% - 8:08
2 - 41% - 45% - 5:45
PK Defense
1 - 59% - 55% - 8:10
2 - 41% - 45% - 5:43
PK3 Forward
1 - 0% - 50%
2 - 0% - 50%
PK3 Defense
1 - 0% - 50%
2 - 0% - 50%
44 Forward
1 - 67% - 55% - 3:20
2 - 33% - 45% - 1:40
44 Defense
1 - 62% - 55% - 3:07
2 - 38% - 45% - 1:53
Last Minute Offensive - 0:00
Last Minute Defensive - 0:00
Total
Forward - 65:00
Defense - 65:00
|
Play-by-Play
1st period
0:01 of 1st period - Anze Kopitar wins face-off versus Auston Matthews in neutral zone.
0:18 of 1st period - Michael Matheson is hit by Justin Faulk and loses puck.
0:31 of 1st period - Backhand shot by Max Pacioretty.
0:31 of 1st period - Stopped by Filip Gustavsson with a rebound.
1:08 of 1st period - Minor Penalty to Radek Faksa for Holding.
1:09 of 1st period - Anze Kopitar wins face-off versus Elias Lindholm in Philadelphia Flyers zone.
2:07 of 1st period - Icing by Darnell Nurse.
2:08 of 1st period - Anze Kopitar wins face-off versus Elias Lindholm in Tampa Bay Lightning zone.
3:08 of 1st period - Penalty to Radek Faksa is over, Radek Faksa is back on ice.
3:15 of 1st period - Snap shot by Jesper Fast.
3:15 of 1st period - Stopped by Filip Gustavsson without a rebound.
3:16 of 1st period - Dylan Cozens wins face-off versus Radek Faksa in Tampa Bay Lightning zone.
3:34 of 1st period - Slapshot by Ryan Graves.
3:34 of 1st period - Shot Blocked by Matt Roy.
3:36 of 1st period - Slapshot by Vladislav Gavrikov.
3:36 of 1st period - Deflect By Matt Roy.
3:36 of 1st period - Stopped by Connor Ingram with a rebound.
3:48 of 1st period - Slapshot by Tyler Toffoli.
3:48 of 1st period - Shot Blocked by Matt Roy.
3:50 of 1st period - Snap shot by Tyler Toffoli.
3:50 of 1st period - Shot Misses the Net.
3:52 of 1st period - Slapshot by Ryan Graves.
3:52 of 1st period - Stopped by Connor Ingram with a rebound.
3:54 of 1st period - Slapshot by Ryan Graves.
3:54 of 1st period - Deflect By Trevor Moore.
3:54 of 1st period - Stopped by Connor Ingram without a rebound.
3:55 of 1st period - Jesper Fast wins face-off versus Anze Kopitar in Philadelphia Flyers zone.
3:57 of 1st period - Minor Penalty to Oliver Ekman-Larsson for Hooking.
3:58 of 1st period - Elias Lindholm wins face-off versus Anze Kopitar in Philadelphia Flyers zone.
4:32 of 1st period - Wrist shot by Kirill Kaprizov.
4:32 of 1st period - Stopped by Connor Ingram without a rebound.
4:33 of 1st period - Anze Kopitar wins face-off versus Elias Lindholm in Philadelphia Flyers zone.
4:48 of 1st period - Slapshot by Johnny Gaudreau.
4:48 of 1st period - Shot Misses the Net.
4:50 of 1st period - Snap shot by Johnny Gaudreau.
4:50 of 1st period - Shot Misses the Net.
5:02 of 1st period - Snap shot by Roope Hintz.
5:02 of 1st period - Stopped by Connor Ingram without a rebound.
5:03 of 1st period - Radek Faksa wins face-off versus Logan Couture in Philadelphia Flyers zone.
5:03 of 1st period - Radek Faksa is hit by Roope Hintz.
5:29 of 1st period - Travis Konecny is hit by Elias Lindholm and loses puck.
5:57 of 1st period - Penalty to Oliver Ekman-Larsson is over, Oliver Ekman-Larsson is back on ice.
6:24 of 1st period - Icing by Jesper Fast.
6:25 of 1st period - Elias Lindholm wins face-off versus Logan Couture in Philadelphia Flyers zone.
6:52 of 1st period - Minor Penalty to Max Pacioretty for Hooking.
6:53 of 1st period - Radek Faksa wins face-off versus Anze Kopitar in Philadelphia Flyers zone.
7:10 of 1st period - Snap shot by Anze Kopitar.
7:10 of 1st period - Shot Blocked by Matt Roy.
8:52 of 1st period - Penalty to Max Pacioretty is over, Max Pacioretty is back on ice.
9:01 of 1st period - Matt Roy is hit by Dylan Cozens and loses puck.
9:42 of 1st period - Anze Kopitar is hit by Marcus Johansson and loses puck.
10:26 of 1st period - Justin Faulk is hit by Anze Kopitar and loses puck.
11:09 of 1st period - Icing by Moritz Seider.
11:10 of 1st period - Auston Matthews wins face-off versus Dylan Cozens in Tampa Bay Lightning zone.
11:23 of 1st period - Snap shot by Matt Duchene.
11:23 of 1st period - Shot Misses the Net.
11:39 of 1st period - Wrist shot by Roope Hintz.
11:39 of 1st period - Stopped by Connor Ingram with a rebound.
11:41 of 1st period - Slapshot by Vladislav Gavrikov.
11:41 of 1st period - Stopped by Connor Ingram without a rebound.
11:42 of 1st period - Matthew Peca wins face-off versus Anze Kopitar in Philadelphia Flyers zone.
12:27 of 1st period - Kirill Kaprizov is hit by Artem Zub.
12:51 of 1st period - Snap shot by Tyler Johnson.
12:51 of 1st period - Stopped by Filip Gustavsson without a rebound.
12:52 of 1st period - Matthew Peca wins face-off versus Anze Kopitar in Tampa Bay Lightning zone.
12:59 of 1st period - Matthew Peca is hit by Moritz Seider and loses puck.
13:41 of 1st period - Wrist shot by Kirill Kaprizov.
13:41 of 1st period - Shot Misses the Net.
14:10 of 1st period - Snap shot by Johnny Gaudreau.
14:10 of 1st period - Stopped by Connor Ingram with a rebound.
14:26 of 1st period - Slapshot by Max Pacioretty.
14:26 of 1st period - Shot Blocked by Gustav Nyquist.
14:44 of 1st period - Backhand shot by Jesper Fast.
14:44 of 1st period - Shot Blocked by Michael Matheson.
15:24 of 1st period - Dylan Cozens is hit by Sonny Milano and loses puck.
15:35 of 1st period - Snap shot by Sonny Milano.
15:35 of 1st period - Stopped by Filip Gustavsson without a rebound.
15:36 of 1st period - Anze Kopitar wins face-off versus Elias Lindholm in Tampa Bay Lightning zone.
15:43 of 1st period - Wrist shot by Travis Konecny.
15:43 of 1st period - Goal by Travis Konecny - Philadelphia Flyers : 0 - Tampa Bay Lightning : 1.
15:44 of 1st period - Matthew Peca wins face-off versus Anze Kopitar in neutral zone.
15:51 of 1st period - Slapshot by Johnny Gaudreau.
15:51 of 1st period - Deflect By Travis Konecny.
15:51 of 1st period - Stopped by Connor Ingram with a rebound.
15:53 of 1st period - Slapshot by Travis Konecny.
15:53 of 1st period - Shot Misses the Net.
15:55 of 1st period - Slapshot by Moritz Seider.
15:55 of 1st period - Shot Blocked by Matthew Peca.
15:57 of 1st period - Slapshot by Johnny Gaudreau.
15:57 of 1st period - Deflect By Jesper Fast.
15:57 of 1st period - Shot Misses the Net.
15:57 of 1st period - Puck is out of play.
15:58 of 1st period - Anze Kopitar wins face-off versus Elias Lindholm in Philadelphia Flyers zone.
16:09 of 1st period - Wrist shot by Johnny Gaudreau.
16:09 of 1st period - Shot Blocked by Matt Roy.
16:11 of 1st period - Wrist shot by Hampus Lindholm.
16:11 of 1st period - Shot Misses the Net.
16:13 of 1st period - Wrist shot by Travis Konecny.
16:13 of 1st period - Stopped by Connor Ingram with a rebound.
16:46 of 1st period - Slapshot by Kirill Kaprizov.
16:46 of 1st period - Stopped by Connor Ingram without a rebound.
16:47 of 1st period - Tomas Hertl wins face-off versus Auston Matthews in Philadelphia Flyers zone.
16:48 of 1st period - Snap shot by Kirill Kaprizov.
16:48 of 1st period - Shot Blocked by Justin Faulk.
17:02 of 1st period - Dylan Cozens is hit by Matt Duchene and loses puck.
17:13 of 1st period - Tomas Hertl is hit by Justin Faulk and loses puck.
17:24 of 1st period - Wrist shot by Elias Lindholm.
17:24 of 1st period - Stopped by Filip Gustavsson without a rebound.
17:25 of 1st period - Matthew Peca wins face-off versus Anze Kopitar in Tampa Bay Lightning zone.
17:30 of 1st period - Wrist shot by Matthew Peca.
17:30 of 1st period - Shot Blocked by Johnny Gaudreau.
17:32 of 1st period - Slapshot by Artem Zub.
17:32 of 1st period - Shot Misses the Net.
17:34 of 1st period - Slapshot by Artem Zub.
17:34 of 1st period - Stopped by Filip Gustavsson without a rebound.
17:35 of 1st period - Anze Kopitar wins face-off versus Matthew Peca in Tampa Bay Lightning zone.
18:18 of 1st period - Snap shot by Matthew Peca.
18:18 of 1st period - Shot Misses the Net.
18:20 of 1st period - Snap shot by Matthew Peca.
18:20 of 1st period - Shot Misses the Net.
18:22 of 1st period - Snap shot by Artem Zub.
18:22 of 1st period - Stopped by Filip Gustavsson with a rebound.
18:24 of 1st period - Snap shot by Matthew Peca.
18:24 of 1st period - Shot Blocked by Michael Matheson.
18:26 of 1st period - Slapshot by Artem Zub.
18:26 of 1st period - Stopped by Filip Gustavsson with a rebound.
18:28 of 1st period - Wrist shot by Matthew Peca.
18:28 of 1st period - Shot Misses the Net.
18:46 of 1st period - Slapshot by Sonny Milano.
18:46 of 1st period - Stopped by Filip Gustavsson without a rebound.
18:47 of 1st period - Radek Faksa wins face-off versus Logan Couture in Tampa Bay Lightning zone.
19:23 of 1st period - Slapshot by Tomas Hertl.
19:23 of 1st period - Shot Blocked by Matt Roy.
19:25 of 1st period - Wrist shot by Kirill Kaprizov.
19:25 of 1st period - Shot Misses the Net.
19:27 of 1st period - Slapshot by Tomas Hertl.
19:27 of 1st period - Stopped by Connor Ingram with a rebound.
Goals for this period are 0 for Philadelphia Flyers vs 1 for Tampa Bay Lightning.
Shots for this period are 9 for Philadelphia Flyers vs 13 for Tampa Bay Lightning.
2nd period
0:01 of 2nd period - Anze Kopitar wins face-off versus Elias Lindholm in neutral zone.
0:50 of 2nd period - Snap shot by Tomas Hertl.
0:50 of 2nd period - Shot Hit the Post.
0:52 of 2nd period - Snap shot by Hampus Lindholm.
0:52 of 2nd period - Shot Misses the Net.
0:54 of 2nd period - Slapshot by Dylan Cozens.
0:54 of 2nd period - Stopped by Connor Ingram with a rebound.
0:56 of 2nd period - Snap shot by Hampus Lindholm.
0:56 of 2nd period - Deflect By Bryan Rust.
0:56 of 2nd period - Stopped by Connor Ingram with a rebound.
0:58 of 2nd period - Backhand shot by Dylan Cozens.
0:58 of 2nd period - Stopped by Connor Ingram without a rebound.
0:59 of 2nd period - Max Pacioretty wins face-off versus Anze Kopitar in Philadelphia Flyers zone.
1:04 of 2nd period - Slapshot by Erik Gustafsson.
1:04 of 2nd period - Stopped by Filip Gustavsson with a rebound.
1:06 of 2nd period - Slapshot by Elias Lindholm.
1:06 of 2nd period - Shot Misses the Net.
1:08 of 2nd period - Slapshot by Erik Gustafsson.
1:08 of 2nd period - Stopped by Filip Gustavsson with a rebound.
1:10 of 2nd period - Wrist shot by Vladimir Tarasenko.
1:10 of 2nd period - Shot Misses the Net.
1:12 of 2nd period - Slapshot by Elias Lindholm.
1:12 of 2nd period - Shot Blocked by Michael Matheson.
1:14 of 2nd period - Snap shot by Max Pacioretty.
1:14 of 2nd period - Shot Misses the Net.
1:24 of 2nd period - Darnell Nurse is hit by Matthew Peca and loses puck.
1:37 of 2nd period - Sonny Milano is hit by Michael Matheson.
1:51 of 2nd period - Snap shot by Roope Hintz.
1:51 of 2nd period - Shot Blocked by Artem Zub.
1:53 of 2nd period - Wrist shot by Roope Hintz.
1:53 of 2nd period - Stopped by Connor Ingram without a rebound.
1:54 of 2nd period - Elias Lindholm wins face-off versus Logan Couture in Philadelphia Flyers zone.
2:01 of 2nd period - Snap shot by Elias Lindholm.
2:01 of 2nd period - Stopped by Filip Gustavsson without a rebound.
2:02 of 2nd period - Elias Lindholm wins face-off versus Logan Couture in Tampa Bay Lightning zone.
2:03 of 2nd period - Slapshot by Vladimir Tarasenko.
2:03 of 2nd period - Deflect By Max Pacioretty.
2:03 of 2nd period - Shot Misses the Net.
2:03 of 2nd period - Puck is out of play.
2:04 of 2nd period - Logan Couture wins face-off versus Elias Lindholm in Tampa Bay Lightning zone.
2:04 of 2nd period - Logan Couture is hit by Ben Chiarot.
2:40 of 2nd period - Wrist shot by Vladimir Tarasenko.
2:40 of 2nd period - Stopped by Filip Gustavsson with a rebound.
2:42 of 2nd period - Wrist shot by Max Pacioretty.
2:42 of 2nd period - Goal by Max Pacioretty - Philadelphia Flyers : 1 - Tampa Bay Lightning : 1.
2:43 of 2nd period - Radek Faksa wins face-off versus Anze Kopitar in neutral zone.
2:47 of 2nd period - Minor Penalty to Hampus Lindholm for Hooking.
2:48 of 2nd period - Matt Duchene wins face-off versus Anze Kopitar in Tampa Bay Lightning zone.
4:10 of 2nd period - Dylan Cozens is hit by Matt Roy and loses puck.
4:47 of 2nd period - Penalty to Hampus Lindholm is over, Hampus Lindholm is back on ice.
5:09 of 2nd period - Snap shot by Sonny Milano.
5:09 of 2nd period - Stopped by Filip Gustavsson without a rebound.
5:10 of 2nd period - Logan Couture wins face-off versus Matthew Peca in Tampa Bay Lightning zone.
5:46 of 2nd period - Tyler Johnson is hit by Anze Kopitar and loses puck.
6:56 of 2nd period - Wrist shot by Elias Lindholm.
6:56 of 2nd period - Shot Hit the Post.
7:10 of 2nd period - Marcus Johansson is hit by Gustav Nyquist and loses puck.
7:40 of 2nd period - Anze Kopitar is hit by Jesper Fast and loses puck.
8:13 of 2nd period - Max Pacioretty is hit by Hampus Lindholm and loses puck.
9:14 of 2nd period - Gustav Nyquist is hit by Artem Zub and loses puck.
9:37 of 2nd period - Auston Matthews is hit by Trevor Moore and loses puck.
9:58 of 2nd period - Wrist shot by Jesper Fast.
9:58 of 2nd period - Deflect By Matthew Peca.
9:58 of 2nd period - Stopped by Filip Gustavsson with a rebound.
10:12 of 2nd period - Kirill Kaprizov is hit by Vladimir Tarasenko and loses puck.
10:17 of 2nd period - Wrist shot by Vladimir Tarasenko.
10:17 of 2nd period - Stopped by Filip Gustavsson without a rebound.
10:18 of 2nd period - Anze Kopitar wins face-off versus Elias Lindholm in Tampa Bay Lightning zone.
10:31 of 2nd period - Wrist shot by Vladimir Tarasenko.
10:31 of 2nd period - Stopped by Filip Gustavsson without a rebound.
10:32 of 2nd period - Radek Faksa wins face-off versus Anze Kopitar in Tampa Bay Lightning zone.
10:33 of 2nd period - Snap shot by Marcus Johansson.
10:33 of 2nd period - Stopped by Filip Gustavsson with a rebound.
11:23 of 2nd period - Kirill Kaprizov is hit by Elias Lindholm and loses puck.
12:11 of 2nd period - Minor Penalty to Darnell Nurse for Boarding.
12:12 of 2nd period - Elias Lindholm wins face-off versus Anze Kopitar in Tampa Bay Lightning zone.
12:22 of 2nd period - Snap shot by Vladimir Tarasenko.
12:22 of 2nd period - Deflect By Marcus Johansson.
12:22 of 2nd period - Deflect By Logan Couture.
12:22 of 2nd period - Shot Misses the Net.
12:22 of 2nd period - Puck is out of play.
12:23 of 2nd period - Anze Kopitar wins face-off versus Auston Matthews in Tampa Bay Lightning zone.
12:36 of 2nd period - Wrist shot by Matt Duchene.
12:36 of 2nd period - Stopped by Filip Gustavsson without a rebound.
12:37 of 2nd period - Anze Kopitar wins face-off versus Elias Lindholm in Tampa Bay Lightning zone.
12:54 of 2nd period - Snap shot by Logan Couture.
12:54 of 2nd period - Stopped by Connor Ingram with a rebound.
14:11 of 2nd period - Penalty to Darnell Nurse is over, Darnell Nurse is back on ice.
14:26 of 2nd period - Michael Matheson is hit by Matt Roy and loses puck.
14:39 of 2nd period - Tyler Johnson is hit by Gustav Nyquist and loses puck.
15:06 of 2nd period - Ben Chiarot is hit by Hampus Lindholm and loses puck.
15:35 of 2nd period - Slapshot by Hampus Lindholm.
15:35 of 2nd period - Stopped by Connor Ingram without a rebound.
15:36 of 2nd period - Anze Kopitar wins face-off versus Radek Faksa in Philadelphia Flyers zone.
15:42 of 2nd period - Minor Penalty to Travis Konecny for Hooking.
15:43 of 2nd period - Anze Kopitar wins face-off versus Auston Matthews in Tampa Bay Lightning zone.
17:42 of 2nd period - Penalty to Travis Konecny is over, Travis Konecny is back on ice.
19:00 of 2nd period - Michael Matheson is hit by Justin Faulk and loses puck.
Goals for this period are 1 for Philadelphia Flyers vs 0 for Tampa Bay Lightning.
Shots for this period are 11 for Philadelphia Flyers vs 6 for Tampa Bay Lightning.
3rd period
0:01 of 3rd period - Anze Kopitar wins face-off versus Auston Matthews in neutral zone.
0:13 of 3rd period - Off-side.
0:14 of 3rd period - Anze Kopitar wins face-off versus Vladimir Tarasenko in neutral zone.
0:19 of 3rd period - Wrist shot by Anze Kopitar.
0:19 of 3rd period - Shot Hit the Post.
0:45 of 3rd period - Slapshot by Moritz Seider.
0:45 of 3rd period - Deflect By Erik Gustafsson.
0:45 of 3rd period - Stopped by Connor Ingram with a rebound.
1:06 of 3rd period - Snap shot by Kirill Kaprizov.
1:06 of 3rd period - Deflect By Marcus Johansson.
1:06 of 3rd period - Stopped by Connor Ingram without a rebound.
1:07 of 3rd period - Tyler Johnson wins face-off versus Anze Kopitar in Philadelphia Flyers zone.
1:18 of 3rd period - Slapshot by Johnny Gaudreau.
1:18 of 3rd period - Stopped by Connor Ingram with a rebound.
1:20 of 3rd period - Slapshot by Vladislav Gavrikov.
1:20 of 3rd period - Stopped by Connor Ingram without a rebound.
1:21 of 3rd period - Anze Kopitar wins face-off versus Auston Matthews in Philadelphia Flyers zone.
1:24 of 3rd period - Snap shot by Anze Kopitar.
1:24 of 3rd period - Stopped by Connor Ingram with a rebound.
2:10 of 3rd period - Snap shot by Tomas Hertl.
2:10 of 3rd period - Stopped by Connor Ingram without a rebound.
2:11 of 3rd period - Tomas Hertl wins face-off versus Radek Faksa in Philadelphia Flyers zone.
2:26 of 3rd period - Slapshot by Tyler Johnson.
2:26 of 3rd period - Shot Misses the Net.
2:28 of 3rd period - Wrist shot by Radek Faksa.
2:28 of 3rd period - Shot Blocked by Dylan Cozens.
2:30 of 3rd period - Slapshot by Artem Zub.
2:30 of 3rd period - Stopped by Filip Gustavsson with a rebound.
2:32 of 3rd period - Snap shot by Radek Faksa.
2:32 of 3rd period - Stopped by Filip Gustavsson with a rebound.
2:34 of 3rd period - Slapshot by Artem Zub.
2:34 of 3rd period - Shot Blocked by Kirill Kaprizov.
2:36 of 3rd period - Wrist shot by Marcus Johansson.
2:36 of 3rd period - Stopped by Filip Gustavsson with a rebound.
2:38 of 3rd period - Slapshot by Oliver Ekman-Larsson.
2:38 of 3rd period - Stopped by Filip Gustavsson without a rebound.
2:39 of 3rd period - Auston Matthews wins face-off versus Anze Kopitar in Tampa Bay Lightning zone.
2:40 of 3rd period - Wrist shot by Bryan Rust.
2:40 of 3rd period - Stopped by Filip Gustavsson without a rebound.
2:41 of 3rd period - Auston Matthews wins face-off versus Anze Kopitar in Tampa Bay Lightning zone.
2:50 of 3rd period - Snap shot by Auston Matthews.
2:50 of 3rd period - Shot Misses the Net.
2:52 of 3rd period - Slapshot by Erik Gustafsson.
2:52 of 3rd period - Deflect By Bryan Rust.
2:52 of 3rd period - Shot Misses the Net.
2:52 of 3rd period - Puck is out of play.
2:53 of 3rd period - Elias Lindholm wins face-off versus Anze Kopitar in Tampa Bay Lightning zone.
3:08 of 3rd period - Wrist shot by Johnny Gaudreau.
3:08 of 3rd period - Stopped by Connor Ingram without a rebound.
3:09 of 3rd period - Logan Couture wins face-off versus Auston Matthews in Philadelphia Flyers zone.
3:20 of 3rd period - Logan Couture is hit by Justin Faulk and loses puck.
3:24 of 3rd period - Icing by Hampus Lindholm.
3:25 of 3rd period - Logan Couture wins face-off versus Elias Lindholm in Tampa Bay Lightning zone.
3:31 of 3rd period - Minor Penalty to Gustav Nyquist for Holding.
3:32 of 3rd period - Anze Kopitar wins face-off versus Marcus Johansson in Tampa Bay Lightning zone.
3:39 of 3rd period - Icing by Erik Gustafsson.
3:40 of 3rd period - Anze Kopitar wins face-off versus Elias Lindholm in Philadelphia Flyers zone.
4:40 of 3rd period - Snap shot by Max Pacioretty.
4:40 of 3rd period - Stopped by Filip Gustavsson with a rebound.
4:42 of 3rd period - Backhand shot by Auston Matthews.
4:42 of 3rd period - Shot Blocked by Moritz Seider.
5:31 of 3rd period - Penalty to Gustav Nyquist is over, Gustav Nyquist is back on ice.
5:57 of 3rd period - Matthew Peca is hit by Roope Hintz and loses puck.
6:57 of 3rd period - Radek Faksa is hit by Hampus Lindholm.
7:27 of 3rd period - Tyler Toffoli is hit by Matthew Peca and loses puck.
8:04 of 3rd period - Minor Penalty to Darnell Nurse for Goalie Interference.
8:05 of 3rd period - Elias Lindholm wins face-off versus Anze Kopitar in Tampa Bay Lightning zone.
8:18 of 3rd period - Hampus Lindholm is hit by Vladimir Tarasenko.
10:04 of 3rd period - Penalty to Darnell Nurse is over, Darnell Nurse is back on ice.
10:28 of 3rd period - Sonny Milano is hit by Trevor Moore and loses puck.
10:41 of 3rd period - Erik Gustafsson is hit by Moritz Seider and loses puck.
10:56 of 3rd period - Snap shot by Marcus Johansson.
10:56 of 3rd period - Stopped by Filip Gustavsson without a rebound.
10:57 of 3rd period - Anze Kopitar wins face-off versus Radek Faksa in Tampa Bay Lightning zone.
11:18 of 3rd period - Tomas Hertl is hit by Matt Duchene and loses puck.
11:55 of 3rd period - Minor Penalty to Ryan Graves for Tripping.
11:56 of 3rd period - Elias Lindholm wins face-off versus Anze Kopitar in Tampa Bay Lightning zone.
12:06 of 3rd period - Slapshot by Marcus Johansson.
12:06 of 3rd period - Shot Misses the Net.
12:08 of 3rd period - Snap shot by Vladimir Tarasenko.
12:08 of 3rd period - Shot Blocked by Vladislav Gavrikov.
12:10 of 3rd period - Slapshot by Justin Faulk.
12:10 of 3rd period - Shot Misses the Net.
12:12 of 3rd period - Slapshot by Justin Faulk.
12:12 of 3rd period - Shot Misses the Net.
13:55 of 3rd period - Penalty to Ryan Graves is over, Ryan Graves is back on ice.
14:00 of 3rd period - Snap shot by Matt Duchene.
14:00 of 3rd period - Shot Misses the Net.
14:02 of 3rd period - Wrist shot by Jesper Fast.
14:02 of 3rd period - Shot Blocked by Darnell Nurse.
14:04 of 3rd period - Snap shot by Jesper Fast.
14:04 of 3rd period - Stopped by Filip Gustavsson with a rebound.
14:10 of 3rd period - Wrist shot by Matthew Peca.
14:10 of 3rd period - Shot Blocked by Anze Kopitar.
14:12 of 3rd period - Snap shot by Sonny Milano.
14:12 of 3rd period - Stopped by Filip Gustavsson without a rebound.
14:13 of 3rd period - Tomas Hertl wins face-off versus Matthew Peca in Tampa Bay Lightning zone.
14:40 of 3rd period - Slapshot by Tyler Johnson.
14:40 of 3rd period - Shot Misses the Net.
14:42 of 3rd period - Snap shot by Radek Faksa.
14:42 of 3rd period - Stopped by Filip Gustavsson without a rebound.
14:43 of 3rd period - Auston Matthews wins face-off versus Roope Hintz in Tampa Bay Lightning zone.
15:06 of 3rd period - Minor Penalty to Hampus Lindholm for Slashing.
15:07 of 3rd period - Elias Lindholm wins face-off versus Anze Kopitar in Tampa Bay Lightning zone.
15:22 of 3rd period - Vladislav Gavrikov is hit by Justin Faulk and loses puck.
16:50 of 3rd period - Icing by Elias Lindholm.
16:51 of 3rd period - Auston Matthews wins face-off versus Dylan Cozens in Philadelphia Flyers zone.
17:06 of 3rd period - Penalty to Hampus Lindholm is over, Hampus Lindholm is back on ice.
17:26 of 3rd period - Icing by Matthew Peca.
17:27 of 3rd period - Matthew Peca wins face-off versus Trevor Moore in Philadelphia Flyers zone.
18:01 of 3rd period - Off-side.
18:02 of 3rd period - Matthew Peca wins face-off versus Dylan Cozens in neutral zone.
18:57 of 3rd period - Wrist shot by Tyler Johnson.
18:57 of 3rd period - Stopped by Filip Gustavsson with a rebound.
18:59 of 3rd period - Snap shot by Tyler Johnson.
18:59 of 3rd period - Stopped by Filip Gustavsson without a rebound.
19:00 of 3rd period - Anze Kopitar wins face-off versus Radek Faksa in Tampa Bay Lightning zone.
19:54 of 3rd period - Snap shot by Johnny Gaudreau.
19:54 of 3rd period - Shot Misses the Net.
Goals for this period are 0 for Philadelphia Flyers vs 0 for Tampa Bay Lightning.
Shots for this period are 12 for Philadelphia Flyers vs 7 for Tampa Bay Lightning.
Overtime #1
0:01 of 1st overtime period - Anze Kopitar wins face-off versus Auston Matthews in neutral zone.
0:06 of 1st overtime period - Slapshot by Anze Kopitar.
0:06 of 1st overtime period - Shot Misses the Net.
0:36 of 1st overtime period - Off-side.
0:37 of 1st overtime period - Dylan Cozens wins face-off versus Auston Matthews in neutral zone.
0:44 of 1st overtime period - Snap shot by Dylan Cozens.
0:44 of 1st overtime period - Stopped by Connor Ingram with a rebound.
0:46 of 1st overtime period - Slapshot by Dylan Cozens.
0:46 of 1st overtime period - Stopped by Connor Ingram without a rebound.
0:47 of 1st overtime period - Anze Kopitar wins face-off versus Auston Matthews in Philadelphia Flyers zone.
0:48 of 1st overtime period - Wrist shot by Dylan Cozens.
0:48 of 1st overtime period - Shot Blocked by Matt Duchene.
0:50 of 1st overtime period - Slapshot by Dylan Cozens.
0:50 of 1st overtime period - Tampa Bay Lightning goal is going for a video replay.
0:50 of 1st overtime period - The goal is refused. The puck has entered the net after making contact with an attacking player’s stick that is above the height of the crossbar..
0:51 of 1st overtime period - Elias Lindholm wins face-off versus Anze Kopitar in Philadelphia Flyers zone.
1:08 of 1st overtime period - Darnell Nurse is hit by Max Pacioretty.
1:18 of 1st overtime period - Tomas Hertl is hit by Artem Zub and loses puck.
2:51 of 1st overtime period - Michael Matheson is hit by Artem Zub and loses puck.
4:06 of 1st overtime period - Elias Lindholm is hit by Michael Matheson and loses puck.
Goals for this period are 0 for Philadelphia Flyers vs 0 for Tampa Bay Lightning.
Shots for this period are 0 for Philadelphia Flyers vs 3 for Tampa Bay Lightning.
ShootOut
5:00 of 1st overtime period - Round #1.
5:00 of 1st overtime period - Philadelphia Flyers, Auston Matthews.
5:00 of 1st overtime period - Backhand shot by Auston Matthews.
5:00 of 1st overtime period - Stopped by Filip Gustavsson.
5:00 of 1st overtime period - Tampa Bay Lightning, Gustav Nyquist.
5:00 of 1st overtime period - Backhand shot by Gustav Nyquist.
5:00 of 1st overtime period - Goal by Gustav Nyquist.
5:00 of 1st overtime period - Round #2.
5:00 of 1st overtime period - Philadelphia Flyers, Matt Duchene.
5:00 of 1st overtime period - Snap shot by Matt Duchene.
5:00 of 1st overtime period - Stopped by Filip Gustavsson.
5:00 of 1st overtime period - Tampa Bay Lightning, Kirill Kaprizov.
5:00 of 1st overtime period - Snap shot by Kirill Kaprizov.
5:00 of 1st overtime period - Shot Misses the Net.
5:00 of 1st overtime period - Round #3.
5:00 of 1st overtime period - Philadelphia Flyers, Max Pacioretty.
5:00 of 1st overtime period - Snap shot by Max Pacioretty.
5:00 of 1st overtime period - Stopped by Filip Gustavsson.
Back to the Top